 Dungeon Crawl Stone Soup version 0.29.1-12-g30fa7ad0bf (webtiles) character file.

Game seed: 13492884742765200679

128 Radix the Sneak (level 4, 0/23 HPs)
             Began as a Spriggan Brigand on Dec 14, 2022.
             Succumbed to an orc wizard's poison
             ... on level 3 of the Dungeon.
             The game lasted 00:16:14 (2180 turns).

Radix the Sneak (Spriggan Brigand)                  Turns: 2180, Time: 00:16:14

Health: 0/23       AC:  4    Str:  7    XL:     4   Next: 87%
Magic:  7/7        EV: 17    Int: 12    God:
Gold:   57         SH:  0    Dex: 18    Spells: 6/6 levels left

rFire   + . .      SeeInvis +   q - +2 dagger (venom)
rCold   + . .      Faith    .   (no shield)
rNeg    + . .      Spirit   .   k - +1 robe "Koziabe" {-Tele Fly rN+ SInv}
rPois   +          Reflect  .   (helmet restricted)
rElec   +          Harm     .   c - +0 cloak
rCorr   +          Rampage  .   (gloves unavailable)
Will    .....      NoTele   +   (boots unavailable)
Stlth   +++.......              (no amulet)
HPRegen 0.07/turn               (no ring)
MPRegen 0.10/turn               (no ring)

@: lethally poisoned (0 -> -5), resistant, flying, very quick
A: very small, no large weapons, unfitting armour, see invisible, speed 3
a: no special abilities


You were on level 3 of the Dungeon.
You visited 1 branch of the dungeon, and saw 3 of its levels.

You collected 57 gold pieces.

Inventory:

Hand Weapons
 a - a +2 dagger
 q - a +2 dagger of venom (weapon)
Missiles
 d - 8 poisoned darts (quivered)
 e - 3 curare-tipped darts
 g - 6 silver boomerangs
 n - a throwing net
Armour
 c - a +0 cloak (worn)
 k - the +1 robe "Koziabe" (worn) {-Tele Fly rN+ SInv}
   (You found it on level 2 of the Dungeon)

   rN:        It protects you from negative energy.
   SInv:      It lets you see invisible.
   Fly:       It grants you flight.
   -Tele:     It prevents most forms of teleportation.
Scrolls
 f - a scroll of teleportation {unknown}
 m - a scroll of immolation {unknown}
 o - a scroll of blinking {unknown}
 p - a scroll of poison {unknown}
Potions
 b - a potion of magic {unknown}
 h - a potion of haste {unknown}
 i - a potion of attraction {unknown}
 j - a potion of curing {unknown}
 l - a potion of resistance


   Skills:
 + Level 2.4 Fighting
 + Level 3.3 Short Blades
 - Level 2.3 Throwing
 - Level 2.1 Dodging
 - Level 6.1 Stealth
 + Level 1.8 Spellcasting
 + Level 1.2 Summonings


You had 6 spell levels left.
You didn't know any spells.
Your spell library contained the following spells:

 Spells                   Type           Power      Damage    Failure   Level
 Summon Small Mammal      Summ           12%        N/A       17%         1
 Call Canine Familiar     Summ           3%         N/A       45%         3
 Summon Guardian Golem    Hex/Summ       2%         N/A       54%         3
 Dazzling Flash           Conj/Hex       2%         N/A       63%         3
 Iskenderun's Mystic Bla  Conj/Tloc      1%         2d3       95%         4
 Starburst                Conj/Fire      0%         6d3       100%        6


Dungeon Overview and Level Annotations

Branches:
Dungeon (3/15)

Altars:
Hepliaklqana
Vehumet
Xom


Innate Abilities, Weirdness & Mutations

You are very small and have problems with some larger weapons.
You are too small for most types of armour.
You have supernaturally acute eyesight. (SInv)
You cover ground extremely quickly. (Speed+++)


Message History

You are confused.
You don't know any spells.
Non-targeted confused throw: 10 darts (poison)
Press: ? - help, Q - select action, (/) - cycle Dir - look around, f - activate You throw a poisoned dart.
Non-targeted confused throw: 9 darts (poison)
Press: ? - help, Q - select action, (/) - cycle Dir - look around, f - activate Look: an orc wizard, wielding a +0 dagger of venom and wearing a +0 robe (slightly transparent)
You throw a poisoned dart.
You bump into the rock wall.
You bump into the rock wall.
The orc wizard hits you with a +0 dagger of venom.
You are poisoned.
You're too confused to move!
You feel very sick.
The orc wizard hits you but does no damage.
You are lethally poisoned!
You bump into the rock wall.
You feel very sick. The orc wizard barely misses you.
You bump into the rock wall.
You feel very sick. The orc wizard barely misses you.
You feel less confused.
You feel sick.
* * * LOW HITPOINT WARNING * * *
You feel sick.
* * * LOW HITPOINT WARNING * * *
You feel sick.
* * * LOW HITPOINT WARNING * * *
You feel sick.
* * * LOW HITPOINT WARNING * * *
You feel sick.
It was a potion of resistance.
You feel protected.
* * * LOW HITPOINT WARNING * * *
You feel sick.
The orc wizard points at you and mumbles some strange words.
You easily resist.
You die...

##......##..##.......#
##.###..##..######.#.#
...# #...........#.#.#
#######.#.######.#.#.##
..........oo(.o.......#
###############..#.####
..........#.#
########..#.# #.@#.#
#####..#.# .>
#......#.# #.
#.####.#.# #. #.# #)#
#. #.# #.# #. #.# #.#
#.######.# #..
#........# ###


You could see an orc wizard.

Vanquished Creatures
  Jessica (D:2)
  Natasha (D:3)
  3 gnolls (D:2)
  2 worms
  A dart slug (D:1)
  An orc (D:3)
  3 endoplasms
  2 giant cockroaches
  2 goblins (D:1)
  4 hobgoblins
  3 jackals (D:1)
  2 quokkas
  4 ball pythons (D:1)
  3 bats
  2 frilled lizards (D:1)
  4 kobolds
  A rat (D:1)
39 creatures vanquished.

Notes
Turn   | Place    | Note
-------+----------+-------------------------------------------
     0 | D:1      | Radix the Spriggan Brigand began the quest for the Orb.
     0 | D:1      | Reached XP level 1. HP: 10/10 MP: 2/2
   109 | D:1      | Reached skill level 6 in Stealth
   114 | D:1      | Reached XP level 2. HP: 15/15 MP: 3/3
   581 | D:1      | Reached XP level 3. HP: 11/18 MP: 4/4
  1057 | D:2      | Noticed Jessica
  1059 | D:2      | Reached skill level 1 in Spellcasting
  1472 | D:2      | Reached XP level 4. HP: 23/23 MP: 6/6
  1525 | D:2      | Identified the +1 robe "Koziabe" {-Tele Fly rN+ SInv}
  1936 | D:2      | Killed Jessica
  1937 | D:2      | Reached skill level 1 in Summonings
  1975 | D:2      | Found a faded altar of an unknown god.
  2048 | D:3      | Found a hazy altar of Hepliaklqana.
  2049 | D:3      | Found a shimmering altar of Xom.
  2050 | D:3      | Found a radiant altar of Vehumet.
  2113 | D:3      | Noticed Natasha
  2133 | D:3      | Killed Natasha
  2179 | D:3      | HP: 1/23 [poisoned by an orc wizard]
  2180 | D:3      | Succumbed to an orc wizard's poison

Illustrated notes

Levels and vault maps discovered:
D:1:      minmay_arrival_up_and_down, layout_loops_ring
D:2:      layout_loops_cross, shapermc_ecumenical_altar_mp_vishouse,
          uniq_jessica
D:3:      layout_basic, chequers_temple_overflow_statue_of_worship,
          uniq_natasha, uniq_grinder

Skill      XL: |  1  2  3  4 |
---------------+-------------+-----
Stealth        | 6 |  6.1
Dodging        | 2 |  2.1
Fighting       | 2 |  2.4
Spellcasting   | 1 |  1.8
Short Blades   | 3 |  3.3
Summonings     | 1 |  1.2
Throwing       | |  2.3

Action                   |  1- 3 |  4- 6 || total
-------------------------+-------+-------++-------
Melee: Dagger            |    80 |    17 ||    97
Throw: Dart              |    19 |     4 ||    23
  Use: Potion            |       |     1 ||     1
 Stab: Sleeping          |     4 |     4 ||     8
Armor: Robe              |     8 |     1 ||     9
Dodge: Dodged            |    65 |    13 ||    78
